[Event "*** Titled Tuesday Blitz"]
[Site "Chess.com"]
[Date "2020.11.03"]
[Round "2"]
[White "exoticprincess"]
[Black "MokshanovAlexey"]
[Result "1-0"]
[WhiteElo "2887"]
[BlackElo "2578"]
[TimeControl "180+1"]
[EndTime "10:19:55 PST"]
[Termination "exoticprincess won on time"]

1. d4 d5 2. c4 e6 3. Nc3 Nf6 4. cxd5 exd5 5. Bf4 c6 6. e3 Bd6 7. g3 Bxf4 8. gxf4 Bf5 9. Nf3 Ne4 10. Rg1 g6 11. Bd3 Qe7 12. Qc2 Nd7 13. O-O-O Nxc3 14. Qxc3 Bxd3 15. Qxd3 O-O-O 16. Kd2 Nf6 17. Ke2 Ne4 18. Rb1 Kb8 19. b4 Rc8 20. a4 h6 21. h4 Rhg8 22.
Ne5 Qxh4 23. Rg2 g5 24. b5 cxb5 25. Rxb5 Nc3+ 26. Kd2 Nxb5 27. Qxb5 gxf4 28. Qxd5 fxe3+ 29. fxe3 Rxg2+ 30. Qxg2 Qe7 31. Kd3 f6 32. Nc4 Qh7+ 33. e4 Qd7 34. Qa2 Qh3+ 35. Ne3 Qd7 36. Nd5 f5 37. e5 Qe6 38. Qg2 Qa6+ 39. Ke3 Qxa4 40. e6 Qc6 41. Qg3+ Ka8 42. Qe5 b6 43. e7 Kb7 44. Kf4 Ka6 45. Nf6 Kb7 46. e8=Q Rxe8 47.
Nxe8 a5 48. Nd6+ Ka6 49. d5 Qc5 50. Kxf5 a4 51. Ke6 a3 52. Qh8 Ka5 53. Nb7+ Kb4 54. Nxc5 bxc5 55. d6 1-0

[Event "*** Titled Tuesday Blitz"]
[Site "Chess.com"]
[Date "2020.11.03"]
[Round "2"]
[White "BlackBoarder"]
[Black "swimmerchess"]
[Result "0-1"]
[WhiteElo "2557"]
[BlackElo "2852"]
[TimeControl "180+1"]
[EndTime "10:19:55 PST"]
[Termination "swimmerchess won on time"]

1. e4 c5 2. Nf3 Nc6 3. Bb5 Na5 4. c3 a6 5. Bd3 b5 6. O-O Bb7 7. Re1 e6 8. Bc2 Nf6 9. d4 cxd4 10. cxd4 Rc8 11.
Nc3 b4 12. Na4 Qc7 13. Bd3 d5 14. e5 Ne4 15. Bd2 Be7 16. Rc1 Qd8 17. b3 O-O 18. Qe2 Nc6 19. Be3 Qa5 20. Nd2 Nc3 21. Qh5 g6 22.
Qh6 Nxa4 23. bxa4 Qxa4 24. Nf3 f5 25. exf6 Bxf6 26. Bxg6 hxg6 27. Qxg6+ Bg7 28. Qxe6+ Rf7 29. Ng5 Rc7 30. Nxf7 Rxf7 31. h4 Nd8 32. Qg6 Qd7 33. h5 Qf5 34. Qxf5 Rxf5 35. g4 Rf7 36. h6 Bf8 37. g5 Kh7 38. f4 Ne6 39. Rf1 Kg6 40. f5+ Rxf5 41. Rxf5 Kxf5 42. h7 Bg7 43. Rb1 a5 44. a3 Kg6 45. axb4 a4 46. Ra1 Bc6 47. Rc1 Nxd4 48. Bxd4 Bxd4+ 49. Kg2 Bb5 50. Rd1 Bg7 51.
Kg3 Bc4 52. b5 Kxh7 53. b6 Kg6 54. b7 Be5+ 55. Kg4 Be2+ 56. Kh4 Bxd1 57. b8=Q Bxb8 0-1

[Event "*** Titled Tuesday Blitz"]
[Site "Chess.com"]
[Date "2020.11.03"]
[Round "2"]
[White "Chessdude1987"]
[Black "Philosopherrr"]
[Result "0-1"]
[WhiteElo "2309"]
[BlackElo "2533"]
[TimeControl "180+1"]
[EndTime "10:19:55 PST"]
[Termination "Philosopherrr won on time"]

1. e4 e5 2. f4 Bc5 3. Nf3 d6 4. Bc4 Nf6 5. Nc3 O-O 6. d3 c6 7. Bb3 h6 8. Qe2 Bg4 9. Be3 Nbd7 10. h3 Bxf3 11. Qxf3 Re8 12. O-O-O a5 13. a4 Bxe3+ 14. Qxe3 Nc5 15. fxe5 Rxe5 16. d4 Nxb3+ 17. cxb3 Re8 18.
Qf3 Qb6 19. Kc2 Re6 20. g4 Rae8 21. Rhe1 Qb4 22. h4 c5 23. g5 hxg5 24. hxg5 cxd4 25. gxf6 Rxf6 26. Qh3 dxc3 27. bxc3 Rf2+ 28. Rd2 Rxd2+ 29. Kxd2 Qxb3 30. Rh1 Kf8 31. Qh8+ Ke7 32. Qxg7 Qa2+ 33. Kd3 Qxa4 34. Qg5+ Kd7 35. Qd5 Kc7 36.
Qxf7+ Kb8 37. Qd5 Qd7 38. Rh6 Qc7 39. Rxd6 Rc8 40. c4 Ka7 41. e5 Qh7+ 42. Kd4 Qh4+ 43. Kd3 Qg3+ 44. Kd4 Qf4+ 45. Kd3 Qg3+ 46. Kd4 Qg1+ 47.
Kd3 Qd1+ 48. Ke4 Qc2+ 49. Kd4 Qd2+ 50. Ke4 Qe1+ 51. Kd4 Rh8 52. Qxa5+ Qxa5 53. Ra6+ Qxa6 0-1

[Event "*** Titled Tuesday Blitz"]
[Site "Chess.com"]
[Date "2020.11.03"]
[Round "2"]
[White "Kaslask"]
[Black "MPGM"]
[Result "1/2-1/2"]
[WhiteElo "2279"]
[BlackElo "2449"]
[TimeControl "180+1"]
[EndTime "10:19:56 PST"]
[Termination "Game drawn - insufficient material"]

1. d4 d5 2. c4 e6 3. Nc3 a6 4. cxd5 exd5 5. Nf3 h6 6. Bf4 Nf6 7. h3 Bd6 8. Bxd6 Qxd6 9. e3 Bf5 10. Bd3 Bxd3 11.
Qxd3 O-O 12. O-O Nbd7 13. Rab1 c6 14. Na4 Qe7 15. b4 Ne4 16. Nc5 Nd6 17. Nxd7 Qxd7 18. Ne5 Qe6 19. a4 f6 20. Nf3 Rae8 21. Rfc1 Qf7 22.
Nd2 f5 23. Nf3 Nc4 24. b5 axb5 25. axb5 f4 26. bxc6 bxc6 27. exf4 Qxf4 28. Re1 Rxe1+ 29. Rxe1 Qf7 30. Qe2 Kh7 31. Qe6 Qxe6 32. Rxe6 Rf6 33. Re7 Nd6 34. Ne5 Nf5 35. Rc7 Nxd4 36. Nd7 Rf7 37.
Rb7 Ne6 38. f3 g5 39. Nf6+ Kg6 40. Rxf7 Kxf7 41. Ng4 Kg7 42. Ne5 c5 43. Kf2 h5 44.
g3 Kf6 45. Nd7+ Ke7 46. Ne5 d4 47. Ke2 Kd6 48. Nf7+ Kd5 49. Nh6 c4 50. Nf5 d3+ 51. Ke3 Ke5 52. g4 hxg4 53. hxg4 Nf4 54. Ng3 Nd5+ 55.
Kd2 Kf4 56. Ne4 Ne7 57. Nd6 Kxf3 58. Nxc4 Kxg4 59. Kxd3 Kf4 60. Ke2 g4 61. Kf2 Nf5 62.
Nd2 g3+ 63. Kg1 Nh4 64. Nf1 g2 65. Kf2 gxf1=Q+ 66. Kxf1 1/2-1/2

[Event "*** Titled Tuesday Blitz"]
[Site "Chess.com"]
[Date "2020.11.03"]
[Round "2"]
[White "winniethepooh04"]
[Black "Omk124"]
[Result "1/2-1/2"]
[WhiteElo "2233"]
[BlackElo "2418"]
[TimeControl "180+1"]
[EndTime "10:19:56 PST"]
[Termination "Game drawn by repetition"]

1. d4 Nf6 2. Nf3 g6 3. Bf4 Bg7 4. e3 O-O 5. Be2 d5 6. O-O c5 7.
c3 Nc6 8. h3 b6 9. Nbd2 Bb7 10.
Ne5 Nd7 11. Nxd7 Qxd7 12. Nf3 Rfd8 13. Bh2 Rac8 14. Rc1 cxd4 15. exd4 Na5 16. Re1 Nc4 17. Qb3 Bc6 18. Bxc4 dxc4 19. Qd1 e6 20. Ne5 Qd5 21. Nxc6 Rxc6 22. Qe2 b5 23. a3 a5 24. Qe4 b4 25.
axb4 axb4 26. Be5 Bh6 27. Bf4 Bg7 28. Be5 bxc3 29. bxc3 Bh6 30. Bf4 Bf8 31. Rb1 Rcc8 32. Qxd5 Rxd5 33. Re5 Rxe5 34. Bxe5 h5 35. Rb8 Rxb8 36.
Bxb8 Ba3 37. Bf4 Bb2 38. Bd2 Kf8 39. Kf1 Ke7 40. Ke2 Kd6 41. Kd1 Kd5 42. Kc2 Ba3 43. f3 Bd6 44. Be1 f5 45. Kd2 Bf4+ 46. Ke2 Kc6 47.
Kd1 Kb6 48. Kc2 Kb5 49. Bf2 g5 50. Be1 Kc6 51. Kd1 Kd5 52. Ke2 g4 53. hxg4 fxg4 54. fxg4 hxg4 55. Bf2 Ke4 56. Be1 e5 57. dxe5 Bxe5 58.
Bd2 Bf6 59. Be1 Bg5 60. Bd2 Bf6 61. Be1 Be5 62. Bd2 g3 63. Be1 Bf4 64. Bd2 Bd6 65. Bh6 Be5 66. Bd2 Bg7 67. Be1 Bf6 68. Bd2 Be5 69. Be1 Kd5 70. Bd2 Ke4 1/2-1/2

[Event "*** Titled Tuesday Blitz"]
[Site "Chess.com"]
[Date "2020.11.03"]
[Round "2"]
[White "maximnovik"]
[Black "RobertoJBM"]
[Result "0-1"]
[WhiteElo "2526"]
[BlackElo "2812"]
[TimeControl "180+1"]
[EndTime "10:19:57 PST"]
[Termination "RobertoJBM won on time"]

1. d4 d5 2. c4 c6 3. Nc3 Nf6 4. Bf4 dxc4 5. e3 b5 6. a4 b4 7. Na2 a5 8. Bxc4 e6 9. Nf3 Nbd7 10. O-O Be7 11. Nc1 O-O 12. Nb3 Qb6 13. Qe2 Ba6 14. Rac1 Bxc4 15. Rxc4 Rfc8 16. Rfc1 c5 17. Qc2 Qc6 18.
Nxc5 Nb6 19. Ne5 Qe8 20. b3 Nxc4 21. Qxc4 Nd5 22. Bg3 Nc3 23. h3 h6 24. Kh2 Ne4 25.
Ned3 Nxg3 26. Kxg3 Bd6+ 27. f4 Qe7 28. Kh2 Qa7 29.
g3 Rc7 30. h4 Rac8 31. Kh3 Qb6 32. Rc2 Qa7 33. Rc1 Qa8 34. Kh2 Qf3 35. e4 Bxc5 36.
dxc5 Rd8 37. Ne5 Rd2+ 38. Kh3 Qg2+ 39. Kg4 g6 40. Nxg6 fxg6 41. Qxe6+ Kh7 42. Qe5 Qe2+ 43.
Kh3 Qh2+ 44. Kg4 Rg7 45. Rc4 Qe2+ 46. Kh3 Qg2+ 47. Kg4 h5+ 48. Kg5 Qxg3+ 49. Kf6 Qxh4+ 50. Qg5 Qxg5+ 51. Kxg5 Rdd7 52. e5 Rc7 53. c6 Rge7 54. Kf6 Rf7+ 55. Ke6 Kg7 56. Kd6 h4 57. e6 Rfe7 0-1

[Event "*** Titled Tuesday Blitz"]
[Site "Chess.com"]
[Date "2020.11.03"]
[Round "2"]
[White "Zarikovs1999"]
[Black "Maghalashvili"]
[Result "0-1"]
[WhiteElo "2325"]
[BlackElo "2670"]
[TimeControl "180+1"]
[EndTime "10:19:57 PST"]
[Termination "Maghalashvili won by checkmate"]

1. e4 c5 2. Nf3 d6 3. d4 cxd4 4. Nxd4 Nf6 5. f3 a6 6. c4 e6 7. Nc3 b6 8. Be3 Bb7 9. Be2 Be7 10. O-O O-O 11. Rc1 Nbd7 12. b3 Re8 13. Qd2 Rc8 14.
Rfd1 Qc7 15. Nc2 Qb8 16. Bf4 Ne5 17. Na4 Nfd7 18. Qe3 Bd8 19. Bf1 Bc6 20. Nb4 Bxa4 21. bxa4 Nc5 22. Qd2 a5 23. Nd3 Nxa4 24. Nf2 Bc7 25.
Bxe5 dxe5 26. Qd7 Nc5 27. Qb5 Red8 28. Ng4 Rxd1 29. Rxd1 Rd8 30. Nf2 h5 31. Qc6 g6 32.
g4 hxg4 33. Rxd8+ Qxd8 34. Nxg4 Kg7 35. Kg2 Qd2+ 36. Kg3 Qf4+ 37. Kg2 Bd8 38. Qd6 Bf6 39. Qxb6 Qd2+ 40. Nf2 Na4 41. Qb5 Nc3 42. Qxa5 Bh4 43. Qxe5+ Kh7 44. Qc5 Nd1 45. Kh3 Bxf2 46. Qf8 Qd7 47. c5 e5+ 48. Kg2 Be3 49. Bc4 Qd2+ 50. Kh3 Nf2+ 51. Kh4 Bg5+ 52. Kg3 Nh1+ 53. Kh3 Nf2+ 54.
Kg3 Nxe4+ 55. fxe4 Bf4+ 56. Kg4 Qg2+ 57. Kh4 g5+ 58.
Kh5 Qh3# 0-1

[Event "*** Titled Tuesday Blitz"]
[Site "Chess.com"]
[Date "2020.11.03"]
[Round "2"]
[White "FlamingPhoenix2910"]
[Black "Warre"]
[Result "1-0"]
[WhiteElo "2826"]
[BlackElo "2542"]
[TimeControl "180+1"]
[EndTime "10:19:58 PST"]
[Termination "FlamingPhoenix2910 won by resignation"]

1. e4 e5 2. Nf3 Nc6 3. Bc4 Nf6 4. O-O Nxe4 5. Qe2 Nd6 6. Nxe5 Be7 7. d4 O-O 8. Rd1 Nxc4 9. Qxc4 d5 10. Nxc6 dxc4 11.
Nxd8 Rxd8 12. Bf4 c6 13. c3 Be6 14. Nd2 f6 15. Re1 Kf7 16. Re2 Bf8 17. Rae1 Bd5 18. b3 b5 19. bxc4 bxc4 20. Nf1 c5 21.
dxc5 Bxc5 22. Be3 Bf8 23. Bd4 a6 24. Ne3 Be6 25. Nc2 Bd5 26. Ne3 Be6 27. Rb2 Rab8 28.
Reb1 Bd6 29. Rb7+ Kg6 30. R1b6 Rxb7 31. Rxb7 Rb8 32. Rxb8 Bxb8 33. Nc2 Kf5 34. Bb6 Ke4 35. Nb4 Be5 36. f3+ Kf5 37. Bd4 Bxd4+ 38. cxd4 c3 39. Kf2 c2 40. Nxc2 Bxa2 41. Ke3 Ke6 42. Kd3 a5 43.
Ne3 a4 44. Kc3 Bb3 45. Kb4 g6 46. Ka3 f5 47. g3 f4 48. gxf4 Bd5 49. Kxa4 Bxf3 50.
Kb5 h6 51. Kc5 g5 52. d5+ Bxd5 53. Nxd5 gxf4 54. Nxf4+ Kf5 55. Ne2 Kg4 56. Ng1 1-0

[Event "*** Titled Tuesday Blitz"]
[Site "Chess.com"]
[Date "2020.11.03"]
[Round "2"]
[White "ecwinslow"]
[Black "Forantes"]
[Result "0-1"]
[WhiteElo "2196"]
[BlackElo "2415"]
[TimeControl "180+1"]
[EndTime "10:19:59 PST"]
[Termination "Forantes won by resignation"]

1. e4 c5 2. Nf3 Nc6 3. d4 cxd4 4. Nxd4 e5 5. Nb5 a6 6. Nd6+ Bxd6 7. Qxd6 Qf6 8.
Qxf6 Nxf6 9. Nc3 Nb4 10. Bd3 d6 11. Bg5 Be6 12. O-O-O Rc8 13. Bxf6 gxf6 14. a3 Nc6 15. Be2 Nd4 16. Rhe1 f5 17. exf5 Bxf5 18. Bd3 Be6 19. Ne4 Ke7 20. c3 Bb3 21. Rd2 Ba4 22. Kb1 Ne6 23.
Nxd6 Rcd8 24. Nxb7 Rd7 25. Na5 Rhd8 26. Re3 e4 27. b3 Rxd3 28. Rexd3 Rxd3 29. Rxd3 exd3 30. bxa4 Nc5 31. Kc1 Ne4 32. f3 Nxc3 33. Kd2 Nxa4 34. Kxd3 Kd6 35. Nb3 Kd5 36. g4 Nb2+ 37. Ke3 Nc4+ 38.
Kf4 Nxa3 39. Kf5 Nb5 40. Kf6 Nd4 41. Na5 Nxf3 42. Kxf7 Nxh2 43. g5 Nf3 44. Kf6 Nd4 45. Kg7 Ne6+ 46. Kh6 Kc5 47. Kxh7 Nxg5+ 48. Kg6 Ne4 49.
Kf5 Nd6+ 50. Kf4 Kb5 51. Nb3 Kb4 52. Nc1 a5 53. Ke3 Kc3 54. Na2+ Kb2 55. Kd3 Kxa2 56. Kc3 Nb7 57. Kc4 a4 0-1

[Event "*** Titled Tuesday Blitz"]
[Site "Chess.com"]
[Date "2020.11.03"]
[Round "2"]
[White "Ajedrez_con_German"]
[Black "Gloomy_Wanderer"]
[Result "1/2-1/2"]
[WhiteElo "2477"]
[BlackElo "2692"]
[TimeControl "180+1"]
[EndTime "10:20:00 PST"]
[Termination "Game drawn by repetition"]

1. d4 Nf6 2. c4 e6 3. g3 d5 4. Nf3 dxc4 5. Bg2 Bb4+ 6. Bd2 a5 7. O-O O-O 8. Bg5 b5 9. Ne5 Ra6 10. a4 c6 11. Nc3 Rb6 12. e3 h6 13. Bxf6 Qxf6 14.
Qc2 Bb7 15. Ne4 Qe7 16. b3 cxb3 17. Qxb3 Na6 18. Rfc1 Rd8 19. Nd3 bxa4 20. Qxa4 c5 21. Nexc5 Bxg2 22. Kxg2 Nxc5 23. Nxc5 e5 24. Nb3 Qb7+ 25.
Kg1 Qd5 26. dxe5 Qxe5 27. Nxa5 Ra8 28. Nc6 Rxa4 29. Nxe5 Rxa1 30. Rxa1 f6 31. Nd3 Bf8 32.
Rd1 Kf7 33. Nf4 Bd6 34. Nd5 Ra6 35. Kg2 h5 36. Rd2 g6 37. Nf4 Bxf4 38. gxf4 Re6 39. Kf3 Re7 40. Rd5 Ra7 41. Rd6 Ke7 42. Rc6 Kf7 43. Rb6 Kg7 44. h4 Kf7 45. Rb5 Kg7 46. f5 Ra4 47. Kg3 gxf5 48. Rxf5 Kg6 49. Rd5 Rg4+ 50.
Kh3 Ra4 51. Rd4 Ra1 52. Kg3 Rg1+ 53. Kf3 Rh1 54. Rc4 Rg1 55. Rb4 Rh1 56. Kg2 Re1 57. e4 Kg7 58. f3 Kg6 59. Kg3 Rg1+ 60. Kf4 Rh1 61. Kg3 Rg1+ 62. Kf4 Rh1 63. Kg3 Rg1+ 1/2-1/2

[Event "*** Titled Tuesday Blitz"]
[Site "Chess.com"]
[Date "2020.11.03"]
[Round "2"]
[White "Infernal_XaM"]
[Black "Nemsko"]
[Result "0-1"]
[WhiteElo "2815"]
[BlackElo "2366"]
[TimeControl "180+1"]
[EndTime "10:20:00 PST"]
[Termination "Nemsko won by checkmate"]

1. d4 Nf6 2. c4 e6 3. Nc3 Bb4 4. Qa4 a5 5. Bg5 h6 6. Bxf6 Qxf6 7. Nf3 Nc6 8. a3 Bxc3+ 9. bxc3 O-O 10. e4 d6 11. Bd3 e5 12. d5 Ne7 13. O-O Ng6 14. Ne1 Nf4 15. g3 Nxd3 16. Nxd3 Bh3 17. f3 Bxf1 18.
Rxf1 Rfc8 19. c5 Qe7 20. Qb5 c6 21. cxd6 Qxd6 22. Qb6 f6 23. c4 Qxa3 24. Nf2 Qxf3 25. Qxb7 cxd5 26. exd5 Rab8 27. Qa6 Qa3 28. d6 Rd8 29.
Rd1 Qc5 30. d7 Rb2 31. Qe6+ Kh8 32. Qe8+ Kh7 33. Rf1 Qc7 34. Rd1 Qb6 35. Rf1 Qc7 36. Rd1 Rb7 37. Ne4 Rxd7 38. Rf1 Re7 39. Qf8 Rf7 40. Qe8 Qe7 41. Qc6 Rc7 42. Qd5 f5 43. Nd6 Rf6 44. Nxf5 Qc5+ 45. Qxc5 Rxc5 46. g4 g6 47. Rd1 gxf5 48. Rd7+ Kg6 49. Ra7 Rfc6 50. gxf5+ Kxf5 51. Rg7 Ke4 52. Rg4+ Kf5 53. Rg8 Rxc4 54.
Rf8+ Ke4 55. Kf2 a4 56. Kg3 Rc3+ 57. Kg4 a3 58. Kh5 a2 59. h4 a1=Q 60. Rg8 Qd1+ 61. Rg4+ Qxg4+ 62. Kxg4 Rg6+ 63. Kh5 Rg8 64. Kxh6 Rh3 65. h5 Rg1 66. Kh7 Rxh5# 0-1

[Event "*** Titled Tuesday Blitz"]
[Site "Chess.com"]
[Date "2020.11.03"]
[Round "2"]
[White "karwowskikacper"]
[Black "emiliochess"]
[Result "1-0"]
[WhiteElo "2460"]
[BlackElo "2273"]
[TimeControl "180+1"]
[EndTime "10:20:00 PST"]
[Termination "karwowskikacper won by resignation"]

1. e4 c6 2. d4 d5 3. exd5 cxd5 4.
c4 Nf6 5. Nc3 e6 6. Nf3 Nc6 7.
cxd5 Nxd5 8. Bd3 Be7 9. O-O a6 10. Re1 Bf6 11. Ne4 Be7 12. a3 b6 13. Bg5 h6 14. Bxe7 Qxe7 15. Rc1 Bb7 16. Qa4 b5 17. Qb3 O-O 18. Nc5 Rab8 19. Nxb7 Qxb7 20. Be4 Nce7 21. Ne5 Rbc8 22. Rxc8 Qxc8 23. g3 Nf6 24. Bf3 Ned5 25.
Nd3 Qc4 26. Qxc4 bxc4 27. Nc5 Rb8 28. Rc1 Rxb2 29. Rxc4 Rb1+ 30. Kg2 Rb2 31. Bxd5 Nxd5 32. Ra4 Ne3+ 33. Kf3 Nd1 34. Rxa6 Rxf2+ 35. Ke4 Rxh2 36.
a4 Ra2 37. Ra8+ Kh7 38. a5 Kg6 39. a6 h5 40. Nd7 f6 41. a7 Nc3+ 42. Kd3 Nb5 43.
Nf8+ Kf7 44. Nxe6 Rxa7 45. Rxa7+ Nxa7 46. Nf4 g6 47. d5 Ke7 48. Nxg6+ Kd6 49. Kc4 Nc8 50.
Nf4 Nb6+ 51. Kd4 Na4 52. Nxh5 Nb2 53. Nxf6 Nd1 54. Ne4+ Kd7 55. Ke5 Ne3 56. d6 Nc4+ 57.
Kf6 Ne3 58. Kg5 Ke6 59. Kf4 Nd5+ 60. Kf3 Ke5 61. d7 1-0

[Event "*** Titled Tuesday Blitz"]
[Site "Chess.com"]
[Date "2020.11.03"]
[Round "2"]
[White "GMHess"]
[Black "albi1999"]
[Result "1-0"]
[WhiteElo "2864"]
[BlackElo "2569"]
[TimeControl "180+1"]
[EndTime "10:20:02 PST"]
[Termination "GMHess won by resignation"]

1. e4 c6 2. Nc3 d5 3. d4 dxe4 4. Nxe4 Bf5 5. Ng3 Bg6 6. Nh3 Nf6 7. Nf4 e5 8. Nxg6 hxg6 9. dxe5 Qa5+ 10. Bd2 Qxe5+ 11.
Qe2 Nbd7 12. O-O-O Qxe2 13. Bxe2 Bc5 14. f4 O-O-O 15.
Bc4 Nd5 16. Ne4 Be7 17. Bxd5 cxd5 18. Nc3 Nf6 19. Be3 a6 20. Bd4 Rhe8 21. Rhe1 Bb4 22. Bxf6 Rxe1 23. Bxd8 Rxd1+ 24. Nxd1 Kxd8 25. a3 Ba5 26.
Ne3 d4 27. Nc4 Bc7 28. g3 Kd7 29. Kd1 Kc6 30. Ke2 Kd5 31. Kd3 b5 32. Nd2 Bd8 33. Nf3 Bb6 34. Ne5 Ke6 35. Ke4 f5+ 36. Kd3 g5 37.
Nf3 gxf4 38. gxf4 Kd5 39. Nh4 Ke6 40. b3 Bc7 41. Ng2 Kd5 42. h3 Bd6 43. Nh4 Ke6 44.
Ng2 Bxa3 45. Kxd4 Bd6 46. c4 bxc4 47. bxc4 Be7 48. c5 Bf6+ 49. Kc4 g5 50. fxg5 Bxg5 51. h4 Bh6 52. h5 f4 53. Nh4 Kf6 54. Nf3 Ke6 55.
Nd4+ Ke5 56. Nf3+ Ke6 57. Kd4 Bf8 58. Ng5+ Kf5 59. c6 Bd6 60. h6 Kg6 61. h7 Kg7 62. h8=Q+ Kxh8 63. Nf7+ Kg7 64. Nxd6 f3 65. Ne4 1-0

[Event "*** Titled Tuesday Blitz"]
[Site "Chess.com"]
[Date "2020.11.03"]
[Round "2"]
[White "enriquetejedor"]
[Black "szefru"]
[Result "1-0"]
[WhiteElo "2457"]
[BlackElo "2268"]
[TimeControl "180+1"]
[EndTime "10:20:02 PST"]
[Termination "enriquetejedor won by resignation"]

1. e4 Nf6 2. e5 Nd5 3. d4 d6 4. Nf3 g6 5. Be2 Bg7 6. exd6 cxd6 7. O-O O-O 8. c4 Nb6 9. Nc3 Nc6 10. Be3 Bg4 11.
b3 e5 12. dxe5 dxe5 13. Rc1 Nd4 14. Nxd4 exd4 15. Bxg4 dxe3 16. fxe3 Qg5 17. Qe2 Rfe8 18. e4 h5 19. Bf3 Nd7 20. Kh1 Ne5 21. Nd5 Rac8 22. Rcd1 Ng4 23. h3 Be5 24. Bxg4 hxg4 25.
Qxg4 Qxg4 26. hxg4 Kg7 27. Rf3 Bd6 28. Re1 Bc5 29.
Rh3 Re5 30. Nf4 Bb4 31. Re2 Ba5 32. Nd3 Rg5 33. Rg3 Bb6 34. Kh2 Bc7 35. e5 Re8 36.
a3 Bxe5 37. Nxe5 Rgxe5 38. Rxe5 Rxe5 39. Rd3 Re7 40. Kg3 Kf6 41. b4 Kg5 42. Rd5+ f5 43. gxf5 gxf5 44. Rd3 f4+ 45. Kf3 Re1 46. Rd5+ Kf6 47.
Kxf4 Ra1 48. Rd3 Rf1+ 49. Rf3 Rc1 50. Ke4+ Ke6 51. Kd4 Rg1 52. g3 Rd1+ 53. Rd3 Rg1 54. c5 Kd7 55. Ke4+ Kc6 56. Kf5 a5 57. g4 axb4 58.
axb4 Kb5 59. Rd4 b6 60. cxb6 Kxb6 61. g5 Rf1+ 62. Rf4 Re1 63. g6 Re7 64. Kf6 Rc7 65. g7 1-0

[Event "*** Titled Tuesday Blitz"]
[Site "Chess.com"]
[Date "2020.11.03"]
[Round "2"]
[White "Jungle_Jaguar"]
[Black "Sibelephant"]
[Result "0-1"]
[WhiteElo "2629"]
[BlackElo "3089"]
[TimeControl "180+1"]
[EndTime "10:20:03 PST"]
[Termination "Sibelephant won by checkmate"]

1. e4 c5 2. Nf3 e6 3. d4 cxd4 4.
Nxd4 a6 5. c4 Nf6 6. Nc3 Qc7 7.
Be2 b6 8. O-O Bb7 9. Qd3 Be7 10.
f4 d6 11. Be3 Nbd7 12. b4 O-O 13. Rac1 Rac8 14. g4 g6 15. h4 e5 16. Nd5 Qd8 17. Nb3 Nxd5 18. exd5 Bxh4 19. f5 Bg5 20. Nd2 Bxe3+ 21.
Qxe3 b5 22. Ne4 Nf6 23. Nxf6+ Qxf6 24. g5 Qd8 25. f6 Qd7 26. Qg3 Rxc4 27. Rxc4 bxc4 28.
Qh4 h5 29. Bxh5 gxh5 30. Qxh5 Bc8 31. Qh6 Qg4+ 32. Kh2 Qh3+ 33. Qxh3 Bxh3 34. Kxh3 Kh7 35. Kg4 Rc8 36. Rh1+ Kg8 37. Kf5 c3 38. Rc1 c2 39.
g6 fxg6+ 40. Kxg6 Rc3 41. f7+ Kf8 42. Kf6 e4 43. Ke6 e3 44. Kxd6 e2 45. a4 Kxf7 46. b5 axb5 47. axb5 Rb3 48. Kc6 Rb1 49. Rxc2 e1=Q 50.
d6 Qe4+ 51. Kd7 Qxc2 52. Kd8 Rxb5 53. Kd7 Rb7+ 54. Kd8 Qf5 55. d7 Qxd7# 0-1

[Event "*** Titled Tuesday Blitz"]
[Site "Chess.com"]
[Date "2020.11.03"]
[Round "2"]
[White "gammagramma"]
[Black "RD4ever"]
[Result "0-1"]
[WhiteElo "2557"]
[BlackElo "2852"]
[TimeControl "180+1"]
[EndTime "10:20:03 PST"]
[Termination "RD4ever won by resignation"]

1. d4 d5 2. c4 e6 3. Nf3 Nf6 4. Nbd2 a6 5. g3 dxc4 6. Nxc4 b5 7. Nce5 Bb7 8. Bg2 c5 9. O-O Qb6 10. a4 Nc6 11. axb5 axb5 12. Rxa8+ Bxa8 13. Ng5 Nxe5 14. Bxa8 cxd4 15. Bf4 Bd6 16. e3 O-O 17. exd4 Nc4 18.
Bxd6 Nxd6 19. Bg2 Nf5 20. d5 Rd8 21. Qc2 Nd4 22. Qd3 h6 23. Rd1 Nc6 24. Qc2 Nb4 25.
Qb3 Nbxd5 26. Ne4 Rc8 27. Nxf6+ Nxf6 28. Bf1 b4 29. Ra1 Ne4 30. Qe3 Qxe3 31. fxe3 Rd8 32.
Ra4 Rd1 33. Kg2 Rd2+ 34. Kf3 f5 35. Kf4 Rf2+ 36. Ke5 Rxf1 37. Rxb4 Ng5 38. h4 Nf3+ 39. Kxe6 Nd2 40. Rb8+ Kh7 41. Kf7 Rc1 42. Rb7 Rc6 43. b4 Ne4 44. b5 Rf6+ 45. Ke7 Nd6 46. Rb8 Nc4 47. b6 Rxb6 48. Rxb6 Nxb6 49. h5 Nc4 50. Ke6 Nxe3 51. Ke5 g6 52. Kf4 Nd5+ 53. Ke5 Ne3 54.
Kf4 Ng4 55. hxg6+ Kxg6 56. Kf3 Kg5 57. Kg2 Nf6 0-1

[Event "*** Titled Tuesday Blitz"]
[Site "Chess.com"]
[Date "2020.11.03"]
[Round "2"]
[White "Igor_Lysyj"]
[Black "lelajavakhishvili"]
[Result "1-0"]
[WhiteElo "2816"]
[BlackElo "2534"]
[TimeControl "180+1"]
[EndTime "10:20:03 PST"]
[Termination "Igor_Lysyj won on time"]

1. d4 Nf6 2. Nf3 d6 3. c4 g6 4.
Nc3 Bf5 5. d5 Bg7 6. Nd4 Bd7 7.
e4 O-O 8. Be2 c5 9. Nf3 e6 10.
O-O exd5 11. exd5 Bf5 12. Nh4 Ne4 13. Nxf5 Nxc3 14. bxc3 gxf5 15. Rb1 Nd7 16. Rxb7 Nb6 17. Bd3 Qf6 18. Qh5 Qg6 19. Qf3 Qf6 20. Qh3 h6 21.
Bxf5 Nxc4 22. Bc2 Nb6 23. c4 Rfb8 24. Rxb8+ Rxb8 25. Qd3 Kf8 26. Re1 Re8 27. Be3 Re5 28.
h3 Qe7 29. a4 Nd7 30. Rb1 Qd8 31. Rb7 a5 32. g3 Qc8 33. Rb5 Qc7 34. Kg2 Re8 35.
Bf4 Ne5 36. Qb3 Qe7 37. Rxa5 Qf6 38. Rb5 Ng6 39. Bxg6 Qxg6 40. Qf3 Kg8 41. Rb7 Ra8 42. Bxd6 Rxa4 43. Bxc5 Rxc4 44. Be3 Qe4 45. Qxe4 Rxe4 46. Rb8+ Kh7 47. Rb3 Re5 48. Rd3 Re7 49. d6 Rd7 50. Bf4 Bf8 51. Kf3 Kg6 52. Ke4 Kf6 53. Kd5 Rd8 54.
Be5+ Kf5 55. Rf3+ Kg6 56. Rf6+ Kg7 57. f4 Ra8 58. d7 Ra5+ 59. Ke4 Ra8 60. Rc6+ 1-0

[Event "*** Titled Tuesday Blitz"]
[Site "Chess.com"]
[Date "2020.11.03"]
[Round "2"]
[White "dopolian"]
[Black "Klavdia_Nik"]
[Result "1-0"]
[WhiteElo "2381"]
[BlackElo "2071"]
[TimeControl "180+1"]
[EndTime "10:20:03 PST"]
[Termination "dopolian won on time"]

1. e4 e6 2. d4 d5 3. Nd2 dxe4 4. Nxe4 Bd7 5. Nf3 Bc6 6. Bd3 Nd7 7. O-O Ngf6 8. Nxf6+ Nxf6 9. Ne5 Qxd4 10. Nxc6 bxc6 11. Qf3 Qd5 12. Qe2 Bd6 13. Rd1 Qh5 14.
Qxh5 Nxh5 15. Be4 Kd7 16. c4 Nf6 17. Bf3 c5 18. Bxa8 Rxa8 19. Be3 Kc6 20. f3 Rb8 21.
b3 Nd7 22. Rd2 a5 23. Kf2 a4 24. Rd3 axb3 25. axb3 Ne5 26. Rc3 h5 27. Ra6+ Kd7 28. h3 Nc6 29. f4 g6 30. Kf3 Nb4 31. Ra5 Kc6 32. Rc1 Nd3 33. Rc3 Nb4 34. Ra1 Be7 35. Ra5 Rd8 36. Rc1 Rd3 37. Ke2 Rxb3 38. Rb5 Rb2+ 39. Kf3 Ra2 40. Rb8 Ra3 41. Re1 Nd3 42.
Re2 Bd6 43. Rd2 Nxf4 44. Rd8 Nd3 45. Rxd6+ cxd6 46. Ke2 Ne5 47. Rc2 Ra4 48. Bf4 Nxc4 49. Bg3 e5 50. Bf2 f5 51. g4 f4 52. gxh5 gxh5 53. Bh4 Ra3 54. Be7 Rxh3 55. Rxc4 1-0

[Event "*** Titled Tuesday Blitz"]
[Site "Chess.com"]
[Date "2020.11.03"]
[Round "2"]
[White "FairChess_on_YouTube"]
[Black "WPWPWP-2015"]
[Result "1-0"]
[WhiteElo "2983"]
[BlackElo "2466"]
[TimeControl "180+1"]
[EndTime "10:20:05 PST"]
[Termination "FairChess_on_YouTube won on time"]

1. e4 e5 2. Nf3 Nc6 3. Bb5 Nf6 4. O-O Nxe4 5. d4 Nd6 6. dxe5 Nxb5 7. a4 Nbd4 8. Nxd4 d5 9. exd6 Bxd6 10. Nb5 Be5 11. Qxd8+ Kxd8 12. Rd1+ Bd7 13. N1c3 Kc8 14. Be3 Rd8 15.
h3 a6 16. Nd4 Nxd4 17. Bxd4 Bxd4 18. Rxd4 Be6 19. Rad1 Rxd4 20. Rxd4 c6 21. a5 Kc7 22. Na4 Bf5 23. c3 Re8 24. Kf1 Re5 25. b4 h5 26.
h4 f6 27. Nc5 g5 28. f4 Re3 29.
fxg5 fxg5 30. hxg5 Rg3 31. Kf2 Rxg5 32. Rf4 b6 33.
axb6+ Kxb6 34. Nb3 Be6 35. Nd4 Bd5 36. g3 a5 37. bxa5+ Kxa5 38. Rf6 Kb6 39. c4 Be4 40. Re6 Bh1 41. Re1 h4 42. Rxh1 hxg3+ 43. Kg2 Rg4 44. Rd1 Kc5 45. Ne6+ Kxc4 46. Kf3 Rg6 47. Rc1+ Kb5 48. Nf4 Rg8 49. Kg2 Kb6 50. Ne2 c5 51. Nxg3 Kb5 52. Kf3 Kb4 53. Ne4 c4 54. Rb1+ Ka3 55.
Ke3 c3 56. Kd3 1-0

[Event "*** Titled Tuesday Blitz"]
[Site "Chess.com"]
[Date "2020.11.03"]
[Round "2"]
[White "PaulfromSPb"]
[Black "dragos420"]
[Result "0-1"]
[WhiteElo "2703"]
[BlackElo "2500"]
[TimeControl "180+1"]
[EndTime "10:20:06 PST"]
[Termination "dragos420 won on time"]

1. d4 Nf6 2. Bf4 e6 3. e3 c5 4. Nd2 a6 5. c3 d5 6. Ngf3 Qb6 7.
Rb1 Bd7 8. Ne5 Bb5 9. Qb3 Nbd7 10. c4 dxc4 11. Ndxc4 Bxc4 12. Qxb6 Nxb6 13. Nxc4 Nxc4 14.
Bxc4 cxd4 15. exd4 Bb4+ 16. Ke2 O-O 17. a3 Be7 18.
Rbc1 Rac8 19. Bb3 Rfd8 20. Rxc8 Rxc8 21. Rd1 Nd5 22. Bd2 Bf6 23. Kd3 Kf8 24. Ke4 Ke7 25. g4 Kd6 26. f4 g6 27. Rf1 Be7 28. h3 f5+ 29. Kd3 Bf6 30. Re1 Rc6 31. Ba2 Rb6 32.
Rb1 Rc6 33. b4 b5 34. Bb3 Nb6 35. Re1 Nc4 36. Bc1 Kd5 37. Bb2 Kd6 38. Bc1 Kd5 39. Rd1 Bxd4 40. Ke2 e5 41. Bb2 Rd6 42. fxe5 Kxe5 43.
Bc1 Kd5 44. Bf4 Re6+ 45. Kf3 Re4 46. Bc2 Re8 47. gxf5 gxf5 48. Bxf5 Nb2 49. Rc1 Bg7 50. Bxh7 Rf8 51. Be4+ Kd4 52. Rc2 Nc4 53. Bg6 Bh6 54. Kg4 Rxf4+ 55. Kh5 Bg7 56. Be8 Bf6 57. Bc6 Ne5 0-1